 Dungeon Crawl Stone Soup version 0.26.1-11-gd32895ea62 (webtiles) character file.

Game seed: 5150279607344276862

551 Zeld the Cruncher (level 7, -2/45 HPs)
             Began as an Octopode Gladiator on May 23, 2021.
             Slain by an ufetubus (4 damage)
             ... on level 4 of the Dungeon.
             The game lasted 00:06:18 (6253 turns).

Zeld the Cruncher (Octopode Gladiator)              Turns: 6253, Time: 00:06:19

Health: -2/45      AC:  1    Str: 15    XL:     7   Next: 29%
Magic:  7/7        EV: 14    Int: 10    God:
Gold:   98         SH:  0    Dex: 14    Spells: 6/6 levels left

rFire    . . .     SeeInvis .   a - +0 quarterstaff
rCold    . . .     Faith    .   (shield currently unavailable)
rNeg     . . .     Spirit   .   b - +0 hat
rPois    .         Reflect  .   (no amulet)
rElec    .         Harm     .   (no ring)
rCorr    .         Rampage  .   (no ring)
Will     .....                  (no ring)
Stlth    ++........             (no ring)
HPRegen  0.15/turn              (no ring)
MPRegen  0.10/turn              (no ring)
                                (no ring)
                                (no ring)

@: no status effects
A: almost no armour, stealthy swim, amphibious, 8 rings, constrict 8, camouflage
1, gelatinous body 1
a: no special abilities


You were on level 4 of the Dungeon.
You visited 1 branch of the dungeon, and saw 5 of its levels.
You also visited: Sewer.

You collected 98 gold pieces.

Inventory:

Hand Weapons
 a - a +0 quarterstaff (weapon)
Missiles
 c - 3 throwing nets (quivered)
Armour
 b - a +0 hat (worn)
Jewellery
 o - an uncursed ring of flight
Wands
 m - a wand of random effects (12)
Scrolls
 d - a scroll of remove curse
 e - 3 scrolls of magic mapping
 f - 2 scrolls of fear
 h - 2 scrolls of amnesia
 j - 2 scrolls of teleportation
 q - 2 scrolls of enchant weapon {unknown}
 r - a scroll of enchant armour {unknown}
 u - a scroll of blinking {unknown}
Potions
 g - a potion of ambrosia {unknown}
 i - 4 potions of curing {unknown}
 l - a potion of invisibility {unknown}
 n - a potion of heal wounds
 s - 4 potions of might {unknown}
 t - a potion of haste {unknown}
 v - a potion of brilliance {unknown}
 w - 3 potions of flight {unknown}
 x - 3 potions of magic {unknown}


   Skills:
 - Level 2.0 Fighting
 * Level 8.2 Staves
 - Level 2.0 Throwing
 - Level 3.0 Dodging


You had 6 spell levels left.
You didn't know any spells.
Your spell library was empty.

Dungeon Overview and Level Annotations

Branches:
Dungeon (5/15)              Sewer (visited)
 Temple: D:4-7

Altars:
Qazlal
Trog
Vehumet
Yredelemnul


Innate Abilities, Weirdness & Mutations

You cannot wear most types of armour.
You are very stealthy in the water. (Stealth+)
You are amphibious.
You can wear up to eight rings at the same time.
You can use your tentacles to constrict eight enemies at once.
Your skin changes colour to match your surroundings (Stealth+).
Your rubbery body absorbs attacks. (AC +1, EV +1)


Message History

The ufetubus closely misses you.
You climb upwards.
There is a stone staircase leading down here.
You hit the ufetubus. Your grab misses the ufetubus.
Your squeeze misses the ufetubus.
The ufetubus is almost dead.
The ufetubus closely misses you. The ufetubus hits you.
* * * LOW HITPOINT WARNING * * *
The ufetubus completely misses you. The ufetubus misses you.
You hit the ufetubus but do no damage. Your grab misses the ufetubus.
The ufetubus is severely wounded.
The ufetubus hits you but does no damage.
The ufetubus hits you.
* * * LOW HITPOINT WARNING * * *
You miss the ufetubus. You grab the ufetubus.
The ufetubus is severely wounded.
You constrict the ufetubus. The ufetubus hits you.
* * * LOW HITPOINT WARNING * * *
The ufetubus hits you.
You die...

#########
#.......#
#.#####.#
##########.#####.#
..............##@#
##########.##.##5#
#(##.##.#
#.......#
##...#### # #.###
######## #.#
##.....# #.#
##.....# #.#


You could see an ufetubus.

Vanquished Creatures
  2 big kobolds (Sewer)
  A scorpion (D:4)
  A bullfrog zombie (D:4)
  An orc priest (D:3)
  An orc wizard (D:4)
  An iguana (D:4)
  2 worker ants (D:4)
  8 adders
  3 oozes
  An adder skeleton (D:4)
  3 worms
  A dart slug (D:3)
  4 leopard geckos
  4 orcs
  8 giant cockroaches
  8 goblins
  11 hobgoblins
  4 jackals (D:1)
  13 kobolds
  2 quokkas
  2 ball pythons (Sewer)
  10 bats
  4 frilled lizards
  A leopard gecko skeleton (D:4)
  A quokka zombie (D:5)
  9 rats
106 creatures vanquished.

Notes
Turn   | Place    | Note
-------+----------+-------------------------------------------
     0 | D:1      | Zeld the Octopode Gladiator began the quest for the Orb.
     0 | D:1      | Reached XP level 1. HP: 14/14 MP: 1/1
   295 | D:1      | Reached XP level 2. HP: 19/19 MP: 2/2
   657 | D:1      | Reached skill level 4 in Staves
   689 | D:1      | Reached XP level 3. HP: 24/24 MP: 3/3
   789 | D:1      | You fall into a shaft and drop 1 floor!
  1826 | D:2      | Reached XP level 4. HP: 27/29 MP: 4/4
  1906 | D:2      | Found a faded altar of an unknown god.
  2062 | D:2      | Reached skill level 5 in Staves
  3123 | D:3      | Reached XP level 5. HP: 3/34 MP: 5/5
  3809 | D:3      | Found a basalt altar of Yredelemnul.
  3812 | D:3      | Found a bloodstained altar of Trog.
  3812 | D:3      | Found a stormy altar of Qazlal.
  3815 | D:3      | Found a radiant altar of Vehumet.
  4181 | D:4      | Reached skill level 6 in Staves
  4379 | D:4      | Reached XP level 6. HP: 39/39 MP: 6/6
  4496 | D:4      | Reached skill level 7 in Staves
  4758 | D:4      | Found a glowing drain.
  4769 | Sewer    | Entered a sewer
  5328 | Sewer    | Reached XP level 7. HP: 45/45 MP: 7/7
  5351 | Sewer    | Reached skill level 8 in Staves
  6064 | D:5      | Entered Level 5 of the Dungeon
  6253 | D:4      | HP: 2/45 [ufetubus (2)]
  6253 | D:4      | Slain by an ufetubus

Illustrated notes

Levels and vault maps discovered:
D:1:      onia_arrival_mini_maze, layout_basic
D:2:      layout_basic, chequers_ecumenical_altar_simple, minmay_split_cup_small
D:3:      layout_loops_ring, grunt_temple_overflow_open, minmay_misc_feat_rows
D:4:      layout_loops_cross, cheibrodos_sewer_entry_bend
D:5:      layout_basic, uniq_menkaure

Skill      XL: |  1  2  3  4  5  6  7 |
---------------+----------------------+-----
Staves         | 4 5 6 7 8 |  8.2
Fighting       | |  2.0
Throwing       | |  2.0
Dodging        | |  3.0

Action                   |  1- 3 |  4- 6 |  7- 9 || total
-------------------------+-------+-------+-------++-------
Melee: Quarterstaff      |    75 |   102 |    31 ||   208
       Tentacles         |    13 |    26 |     8 ||    47
       Constrict         |    18 |    28 |     7 ||    53
Throw: Throwing net      |       |       |     1 ||     1
  Use: Potion            |       |     1 |       ||     1
       Scroll            |       |       |     6 ||     6
 Stab: Sleeping          |     7 |     9 |     3 ||    19
Armor: Skin              |    11 |     4 |     1 ||    16
Dodge: Dodged            |    73 |    60 |    35 ||   168
